 Dungeon Crawl Stone Soup version 0.18.1-48-g4cf74bf (webtiles) character file.

15 dvd the Sneak (level 2, 0/19 HPs)
             Began as an Octopode Assassin on June 26, 2016.
             Slain by a jackal (2 damage)
             ... on level 1 of the Dungeon.
             The game lasted 00:01:30 (389 turns).

dvd the Sneak (Octopode Assassin)                    Turns: 389, Time: 00:01:31

Health: 0/19       AC:  1    Str: 10    XL:     2   Next: 50%
Magic:  2/2        EV: 11    Int: 13    God:
Gold:   47         SH:  0    Dex: 13    Spells: 0 memorised, 1 level left

rFire  . . .     SeeInvis .     a - +2 dagger
rCold  . . .     Gourm    .     (no shield)
rNeg   . . .     Faith    .     (helmet restricted)
rPois  .         Spirit   .     (no amulet)
rElec  .         Dismiss  .     (no ring)
rCorr  .         Reflect  .     (no ring)
SustAt .         Harm     .     (no ring)
MR     .....                    (no ring)
Stlth  ++++......               (no ring)
                                (no ring)
                                (no ring)
                                (no ring)

@: flying, not resistant to hostile enchantments, stealthy
A: almost no armour, amphibious, 8 rings, constrict 8, camouflage 1, gelatinous
body 1
a: no special abilities


You were on level 1 of the Dungeon.
You were not hungry.

You visited 1 branch of the dungeon, and saw 1 of its levels.

You collected 47 gold pieces.

Inventory:

Hand Weapons
 a - a +2 dagger (weapon)
 b - a +0 blowgun
Missiles
 c - 8 poisoned needles
 d - 2 curare-tipped needles
Scrolls
 e - a scroll of fog {unknown}
 m - a scroll of identify {unknown}
 n - a scroll of enchant armour {unknown}
Potions
 g - a potion of degeneration {unknown}
 k - a potion of cancellation {unknown}
 l - a potion of flight
Comestibles
 f - 2 bread rations
 h - 4 fruits
 i - 5 chunks of flesh


   Skills:
 + Level 2.1 Fighting
 + Level 2.0 Short Blades
 + Level 2.0 Throwing
 + Level 1.0 Dodging
 + Level 6.1 Stealth


You had one spell level left.
You didn't know any spells.

Dungeon Overview and Level Annotations

Branches:
Dungeon (1/15)

Altars:


Innate Abilities, Weirdness & Mutations

You cannot wear most types of armour.
You are amphibious.
You can wear up to eight rings at the same time.
You can use your tentacles to constrict eight enemies at once.
Your skin changes colour to match your surroundings (Stealth).
Your rubbery body absorbs attacks (AC +1).


Message History

The jackal closely misses you.
You hit the jackal. Your grab misses the jackal.
The jackal is heavily wounded.
You hit the jackal. Your grab misses the jackal.
The jackal is almost dead.
The jackal bites you. x2
* * * LOW HITPOINT WARNING * * *
You hit the jackal.
You kill the jackal!
The jackal barely misses you. The jackal closely misses you.
The jackal bites you.
* * * LOW HITPOINT WARNING * * *
The jackal bites you.
* * * LOW HITPOINT WARNING * * *
Drink which item? (? for menu, Esc to quit)
It was a potion of flight.
You feel very buoyant.
You fly up into the air.
The jackal barely misses you. The jackal bites you.
You die...

#.........## #.........######
###### #.......#......# #
#....#####.....##.......# ##
######..............##.......###.
...............###### .. #.##..
........##.....# #######.#...
...)....##.[.Kh#######...........
..........†K..hh@................
........####..J#######.#######...
.........(..g........÷...........
..#.......##......####.######...#
..#.......##......# .... #..##
..#...######......# ...... #....
..#...# #......# #......##....
.g....# ######## #......######
...#### r......#


You could see an ooze, 3 jackals, a goblin and 2 kobolds.

Vanquished Creatures
  A giant gecko (D:1)
  A ball python (D:1)
  A bat (D:1)
  A giant cockroach (D:1)
  A hobgoblin (D:1)
  3 jackals (D:1)
  A kobold (D:1)
  A giant newt (D:1)
  2 rats (D:1)
12 creatures vanquished.

Notes
Turn   | Place    | Note
--------------------------------------------------------------
     0 | D:1      | dvd the Octopode Assassin began the quest for the Orb.
     0 | D:1      | Reached XP level 1. HP: 14/14 MP: 1/1
   212 | D:1      | Reached XP level 2. HP: 19/19 MP: 2/2
   257 | D:1      | Reached skill level 6 in Stealth
   389 | D:1      | Slain by a jackal

Skill      XL: |  1  2 |
---------------+-------+-----
Stealth        | 6 |  6.1
Fighting       | |  2.1
Short Blades   | |  2.0
Throwing       | |  2.0
Dodging        | |  1.0

Action                   || total
-------------------------++-------
Melee: Dagger            ||    18
       Tentacles         ||     3
       Constrict         ||     2
  Use: Scroll            ||     1
       Potion            ||     1
 Stab: Sleeping          ||     7
Armor: Skin              ||     2
Dodge: Dodged            ||    11
